 Dungeon Crawl Stone Soup version 0.29-a0-275-g389c0b56f3 (webtiles) character file.

Game seed: 8013571265579509156

11 jimonade the Chiller (level 2, 0/20 HPs)
             Began as a Human Ice Elementalist on Mar 11, 2022.
             Slain by a hobgoblin (4 damage)
             ... led by Robin
             ... on level 1 of the Dungeon.
             The game lasted 00:06:42 (1058 turns).

jimonade the Chiller (Human Ice Elementalist)       Turns: 1058, Time: 00:06:42

Health: 0/20       AC:  2    Str:  8    XL:     2   Next: 40%
Magic:  0/5        EV: 12    Int: 15    God:
Gold:   66         SH:  0    Dex: 13    Spells: 4/5 levels left

rFire   . . .      SeeInvis .   (no weapon)
rCold   . . .      Faith    .   (no shield)
rNeg    . . .      Spirit   .   a - +0 robe
rPois   .          Reflect  .   (no helmet)
rElec   .          Harm     .   (no cloak)
rCorr   .          Rampage  .   (no gloves)
Will    .....                   (no boots)
Stlth   ++........              (no amulet)
HPRegen 0.06/turn               (no ring)
MPRegen 0.09/turn               (no ring)

@: no status effects
A: no striking features
a: no special abilities


You were on level 1 of the Dungeon.
You visited 1 branch of the dungeon, and saw 2 of its levels.

You collected 66 gold pieces.

Inventory:

Hand Weapons
 f - a +0 whip
 i - a +0 whip
 l - a +0 whip
 r - a +0 dagger
Missiles
 d - 20 stones
 j - 3 boomerangs
Armour
 a - a +0 robe (worn)
 g - a +0 pair of boots
 h - a +0 scale mail
 k - a +0 pair of gloves
 n - a +0 pair of gloves
Jewellery
 p - an amulet of regeneration
Scrolls
 m - a scroll of silence {unknown}
Potions
 b - a potion of magic
 c - a potion of berserk rage {unknown}
 o - a potion of flight {unknown}
 q - a potion of might {unknown}
 s - a potion of invisibility {unknown}


   Skills:
 * Level 0.4 Fighting
 - Level 2.0 Dodging
 - Level 2.0 Stealth
 * Level 2.2 Spellcasting
 + Level 4.3 Ice Magic


You had 4 spell levels left.
You knew the following spells:

 Your Spells              Type           Power      Damage    Failure   Level
a - Freeze                Ice            56%        1d7       3%          1

Your spell library contained the following spells:

 Spells                   Type           Power      Damage    Failure   Level
 Frozen Ramparts          Ice            28%        1d4       11%         3
 Ozocubu's Armour         Ice            14%        N/A       11%         3
 Hailstorm                Conj/Ice       8%         3d4       65%         4


Dungeon Overview and Level Annotations

Branches:
Dungeon (2/15)

Altars:

Annotations:
D:2 Robin


Message History

Aiming: Freeze (safe; 3% risk of failure)
Press: ? - help, Shift-Dir - straight line, f/p - hobgoblin
Aim: a hobgoblin (lightly wounded, strong)
You freeze the hobgoblin.
You kill the hobgoblin!
Unknown command.
Casting: Freeze (safe; 3% risk of failure)
Confirm with . or Enter, or press ? or * to list all spells.
Aiming: Freeze (safe; 3% risk of failure)
Press: ? - help, Shift-Dir - straight line, f - goblin
Aim: a goblin, wielding a +0 club You freeze the goblin.
You kill the goblin!
Unknown command.
Casting: Freeze (safe; 3% risk of failure)
Confirm with . or Enter, or press ? or * to list all spells.
Aiming: Freeze (safe; 3% risk of failure)
Press: ? - help, Shift-Dir - straight line, f - goblin
Aim: a goblin, wielding a +0 dagger You freeze the goblin.
The goblin is heavily wounded.
The goblin hits you with a +0 dagger.
* * * LOW HITPOINT WARNING * * *
Casting: Freeze (safe; 3% risk of failure)
Confirm with . or Enter, or press ? or * to list all spells.
Aiming: Freeze (safe; 3% risk of failure)
Press: ? - help, Shift-Dir - straight line, f/p - goblin
Aim: a goblin, wielding a +0 dagger (heavily wounded)
You freeze the goblin.
You kill the goblin!
Unknown command.
Unknown command.
Really attack while wielding nothing?
Okay, then.
Unknown command.
Unknown command.
As you read the scroll labelled NYOBAMP WIOPEA, it crumbles to dust.
You hear a loud clanging noise!
It was a scroll of noise.
The hobgoblin hits you.
You die...

#.# #.# #........# #.# #.#
#........#
###########.####.####........#
#............................'
#.###.#####.#.##.............#
#.#..........................#
#.#.#.#####.#.##.....#########
#.#.#.# #.#.#......# #.#.#.#
#.#@#......# #...#.#
##.#g#......###
#####.####....#........#
#....#....#......###.#######
#.#..#....#....#.###..>.....
#.#......>.....+............
#.#............#.###.......[
#.##...........#.# #........
#..'...........#.###.##...##


You could see a hobgoblin (strong).

Vanquished Creatures
  2 ball pythons (D:1)
  2 hobgoblins (D:1)
  2 kobolds (D:1)
  A quokka (D:1)
  A bat (D:1)
  2 goblins (D:1)
10 creatures vanquished.

Notes
Turn   | Place    | Note
-------+----------+-------------------------------------------
     0 | D:1      | jimonade the Human Ice Elementalist began the quest for the
                  | Orb.
     0 | D:1      | Reached XP level 1. HP: 13/13 MP: 3/3
   494 | D:1      | Reached XP level 2. HP: 19/19 MP: 1/5
   995 | D:2      | Noticed Robin
  1058 | D:1      | Slain by a hobgoblin

Illustrated notes

Levels and vault maps discovered:
D:1:      saegor_arrival_simple_a, layout_basic
D:2:      layout_basic, dreamdust_ecumenical_altar_hidden_monk_grotto,
          minmay_misc_feat_doors, serial_bayou_lagoon_a, uniq_robin,
          uniq_terence

Action                   || total
-------------------------++-------
 Cast: Freeze            ||    15
  Use: Scroll            ||     1
Armor: Robe              ||     3
Dodge: Dodged            ||    12

Table legend: (Time is in decaauts)
 A = Elapsed time spent in this place.
 B = Non-inter-level travel time spent in this place.
 C = Inter-level travel time spent in this place.
 D = Time resting spent in this place.
 E = Time spent auto-exploring this place.
 F = Levels seen in this place.
 G = Mean time per level.
                   A        B        C        D        E       F      G
               +--------+--------+--------+--------+--------+-----+--------+
         Total |   1059 |    965 |     94 |    120 |    612 |   2 |  529.5 |
       Dungeon |   1059 |    965 |     94 |    120 |    612 |   2 |  529.5 |
               +--------+--------+--------+--------+--------+-----+--------+

Top non-repeatable levels by time:
     D:1: 1055 daAuts
     D:2: 4 daAuts
